AoeStats
← hightower_208

Lombardia

508914346Analyzed
2v2 RM · 7d ago on Sep 24, 2026· 60m 38s· 4 players
Game mode
Random Map
Map size
Medium (4 player)
Population
200
Speed
Normal
Resources
Standard
Victory
Conquest
Starting age
Dark Age
Ending age
Imperial Age
RankedLock teamsTeams togetherTeam positionsShared explorationLock speedFull tech treeHidden civsTurbo modeCheats
Victory
Defeat
🇩🇪 Britons · Germany
1786
+12
🇷🇺 Varangians · Russia
1685
+16
🇩🇪 Varangians · Germany
1702
-14
🇩🇪 Ethiopians · Germany
1685
-14
hightower_208
6:20 Loom
8:54 Feudal Age
9:48 Double-Bit Axe
9:56 Horse Collar
14:24 Bloodlines
17:02 Scale Barding Armor
17:33 Forging
19:12 Wheelbarrow
21:40 Castle Age
20:09 Forging
22:59 Chain Barding Armor
22:50 Bow Saw
22:02 Light Cavalry
23:10 Hand Cart
24:34 Husbandry
26:03 Heavy Plow
27:51 Iron Casting
28:32 Town Watch
37:34 Imperial Age
37:46 Imperial Age
39:09 Plate Barding Armor
38:04 Cavalier
38:33 Gothikon
39:52 Conscription
42:56 Blast Furnace
41:43 Hussar
43:48 Caravan
44:06 Fortified Wall
53:01 Crop Rotation
58:14 Two-Man Saw
Mjoelnir
6:14 Loom
8:50 Feudal Age
9:43 Double-Bit Axe
13:07 Fletching
15:40 Padded Archer Armor
22:05 Castle Age
20:09 Horse Collar
22:19 Crossbowman
22:55 Bodkin Arrow
23:14 Bow Saw
23:05 Heavy Plow
27:23 Ballistics
29:30 Town Watch
30:21 Wheelbarrow
29:53 Gold Mining
35:30 Imperial Age
33:45 Leather Archer Armor
34:38 Hand Cart
34:54 Thumb Ring
35:38 Arbalester
36:19 Bracer
37:41 Chemistry
36:27 Capped Ram
38:00 Ring Archer Armor
37:42 Siege Ram
42:10 Caravan
46:16 Fortified Wall
46:17 Masonry
50:08 Two-Man Saw
50:26 Coinage
51:45 Elite Skirmisher
Bohnski
4:46 Loom
12:09 Feudal Age
15:48 Castle Age
14:58 Double-Bit Axe
14:54 Horse Collar
18:10 Fletching
23:42 Bodkin Arrow
26:07 Ballistics
25:58 Padded Archer Armor
29:21 Horse Collar
31:09 Wheelbarrow
30:55 Bow Saw
35:56 Imperial Age
33:29 Gold Mining
33:58 Heavy Plow
36:47 Bracer
37:03 Leather Archer Armor
36:25 Elite Longbowman
38:12 Chemistry
39:13 Murder Holes
40:20 Two-Man Saw
41:27 Scale Mail Armor
41:58 Ring Archer Armor
41:42 Pikeman
42:22 Squires
42:42 Halberdier
44:12 Chain Mail Armor
44:07 Forging
46:55 Yeomen
47:25 Caravan
49:29 Plate Mail Armor
49:53 Conscription
49:27 Town Watch
50:52 Hand Cart
50:45 Warwolf
51:23 Hoardings
50:59 Masonry
55:50 Iron Casting
55:48 Coinage
55:52 Siege Engineers
FarI
6:44 Loom
8:47 Feudal Age
9:33 Double-Bit Axe
15:24 Bloodlines
23:43 Castle Age
21:49 Horse Collar
23:29 Gold Mining
24:14 Forging
24:39 Scale Barding Armor
26:29 Chain Barding Armor
28:29 Wheelbarrow
28:43 Husbandry
32:22 Hand Cart
33:26 Town Watch
37:13 Imperial Age
35:11 Fortified Wall
35:47 Bow Saw
35:38 Heavy Plow
37:19 Vendel Legacy
37:26 Cavalier
38:42 Plate Barding Armor
42:36 Forging
44:21 Caravan
44:31 Guilds
44:53 Town Patrol
44:17 Light Cavalry
46:56 Hussar
48:15 Iron Casting
48:34 Ballistics
50:33 Crop Rotation
54:48 Capped Ram
56:22 Siege Ram
57:15 Fletching
58:25 Blast Furnace
Connection lost

Rejoining the realm…

Still unreachable

The connection could not be restored.

Session expired

The server has moved on; the page needs a fresh start.